 Dungeon Crawl Stone Soup version 0.21-a0-110-g8e1637b (webtiles) character file.

3071 MackTheKnife the Firebug (level 9, 0/62 HPs)
             Began as a Demigod Fire Elementalist on July 9, 2017.
             Slain by a red ugly thing (20 damage)
             ... on level 7 of the Dungeon.
             The game lasted 00:14:48 (7488 turns).

MackTheKnife the Firebug (DgFE)                     Turns: 7488, Time: 00:14:48

Health: 0/62       AC:  9    Str: 11    XL:     9   Next: 32%
Magic:  23/23      EV: 12    Int: 25    God:
Gold:   127        SH:  0    Dex: 16    Spells: 6/21 levels left

rFire    . . .     SeeInvis .   w - +3 falchion (freeze)
rCold    + . .     Gourm    .   (no shield)
rNeg     . . .     Faith    .   m - +0 leather armour
rPois    +         Spirit   .   n - +0 helmet
rElec    .         Reflect  .   (no cloak)
rCorr    .         Harm     .   (no gloves)
MR       +....     Clarity  +   (no boots)
Stlth    ++........             (no amulet)
HPRegen  0.20/turn              i - ring of poison resistance {rPois, !d}
MPRegen  0.18/turn              t - +3 ring of protection

@: no status effects
A: thin metallic scales 1, clarity, cold resistance 1, high mp 1, magic
resistance 1
a: no special abilities


You were on level 7 of the Dungeon.
You were not hungry.

You visited 1 branch of the dungeon, and saw 7 of its levels.

You collected 358 gold pieces.
You spent 231 gold pieces at shops.

Inventory:

Hand Weapons
 u - a +0 dagger of venom
   (You took it off an orc wizard on level 6 of the Dungeon)
 w - a +3 falchion of freezing (weapon)
   (You took it off a wight on level 5 of the Dungeon)
Armour
 m - a +0 leather armour (worn)
   (You found it on level 1 of the Dungeon)
 n - a +0 helmet (worn)
   (You found it on level 2 of the Dungeon)
 r - a +0 buckler
   (You found it on level 2 of the Dungeon)
Jewellery
 i - a ring of poison resistance (left hand) {rPois, !d}
   (You found it on level 1 of the Dungeon)
 t - a +3 ring of protection (right hand)
   (You bought it in a shop on level 5 of the Dungeon)
Wands
 x - a wand of polymorph (8/24)
   (You found it on level 6 of the Dungeon)
 B - a wand of iceblast (0/15)
   (You found it on level 7 of the Dungeon)
Scrolls
 d - a scroll of fear {unknown}
 f - a scroll of magic mapping {unknown}
 h - 3 scrolls of teleportation
 j - a scroll of random uselessness {unknown}
 p - a scroll of silence {unknown}
 q - 2 scrolls of remove curse
 s - 3 scrolls of fog {unknown}
 v - 2 scrolls of amnesia {unknown}
 y - 3 scrolls of identify
 C - a scroll of noise {unknown}
 G - a scroll of blinking {unknown}
Potions
 e - 2 potions of mutation {!q}
 k - a potion of heal wounds
 l - 6 potions of curing
 o - a potion of might
 A - a potion of cancellation {unknown}
 F - 2 potions of ambrosia {unknown}
Books
 b - a book of Flames
 E - a book of Misfortune
   (You found it on level 7 of the Dungeon)
Comestibles
 a - 4 royal jellies
 c - 4 bread rations {@e1}
 g - 3 meat rations {@e2}
 z - 2 fruits
 D - a chunk of flesh {@w0}


   Skills:
 - Level 1.7 Dodging
 - Level 1.7 Stealth
 + Level 6.8 Spellcasting
 + Level 7.0 Conjurations
 + Level 7.6 Fire Magic


You had 6 spell levels left.
You knew the following spells:

 Your Spells              Type           Power        Failure   Level  Hunger
c - Conjure Flame         Conj/Fire      #####...     1%          3    None
f - Fireball              Conj/Fire      #####.....   12%         5    #####..
s - Sticky Flame          Conj/Fire      #####...     4%          4    ###....
x - Throw Flame           Conj/Fire      #####.       1%          2    None
z - Flame Tongue          Conj/Fire      #####        1%          1    None


Dungeon Overview and Level Annotations

Branches:
Dungeon (8/15)             Temple (0/1) D:5
   Lair: D:8-11

Shops:
D:5 [=(

Annotations:
D:8 Conn321's ghost, novice DEFE


Innate Abilities, Weirdness & Mutations

You have an increased reservoir of magic. (+10% MP)
You are partially covered in thin metallic scales. (AC +2)
You possess an exceptional clarity of mind.
Your flesh is cold resistant. (rC+)
You are resistant to hostile enchantments. (MR+)


Message History

You see here an arrow.
The centaur shoots an arrow.
The arrow hits you!
You see here an arrow.
You take 10 damage, and have 49/62 hp.
The centaur shoots an arrow.
The arrow closely misses you.
You see here an arrow.
A kobold comes into view. It is wielding a short sword.
You are feeling very hungry.
The kobold moves out of view.
Conn321's ghost gestures at you while chanting.
The flame tongue hits you!
You take 3 damage, and have 46/62 hp.
The kobold throws a stone.
The stone hits you but does no damage.
You see here a stone.
The kobold hits you but does no damage. The kobold hits you but does no damage.
Conn321's ghost gestures at you while chanting.
The fireball explodes!
The fireball engulfs you!
The fireball engulfs the kobold.
The kobold dies!
The red ugly thing gurgles horribly!
You hear a loud, deep croak!
You take 23 damage, and have 23/62 hp.
MASSIVE DAMAGE!!
Aim: Conn321's ghost (moderately damaged) Nothing appears to happen.
A bullfrog comes into view.
The bullfrog hits you. The orc misses you.
A giant cockroach comes into view.
You take 1 damage, and have 23/62 hp.
The bullfrog closely misses you. The bullfrog closely misses you.
There is a stone staircase leading up here.
The bullfrog hits you.
You climb upwards.
There is a stone staircase leading down here.
You take 1 damage, and have 23/62 hp.
Aim: a bullfrog The flame tongue hits the bullfrog.
The bullfrog misses you. The bullfrog hits you.
You now have 22/23 mp.
Aim: a bullfrog (heavily wounded)
The flame tongue misses the bullfrog.
The bullfrog closely misses you.
You riposte.
You closely miss the bullfrog.
You now have 21/23 mp.
Aim: a bullfrog (heavily wounded)
The flame tongue hits the bullfrog.
The bullfrog misses you. The bullfrog hits you.
You take 4 damage, and have 19/62 hp.
You now have 20/23 mp.
Aim: a bullfrog (heavily wounded)
The flame tongue hits the bullfrog.
You kill the bullfrog!
You now have 19/23 mp.
Okay, then.
You see here a bullfrog corpse.
You butcher the bullfrog corpse.
D - 3 chunks of flesh {@w0} Eating one of 3 chunks of flesh {@w0}.
You eat one of the 3 chunks of flesh {@w0}.
You start resting.
Eating one of 2 chunks of flesh {@w0}.
You eat one of the 2 chunks of flesh {@w0}.
Health restored: 62; MP restored: 23
Okay, then.
There is a stone staircase leading down here.
You climb downwards.
Level annotation: Conn321's ghost, novice DEFE The centaur shoots an arrow.
The arrow closely misses you.
The arrow hits the two-headed ogre!
The orc misses you.
You riposte.
You closely miss the orc.
The two-headed ogre hits you with a giant club!
The two-headed ogre hits you with a giant club.
The centaur shoots an arrow.
The arrow closely misses you.
The arrow barely misses the two-headed ogre.
The red ugly thing tentacle-slaps you.
You are engulfed in flames!
Conn321's ghost hits you. The orc misses you.
There is a stone staircase leading up here.
You take 31 damage, and have 31/62 hp.
MASSIVE DAMAGE!!
The centaur shoots an arrow.
The arrow completely misses you.
The arrow hits the two-headed ogre!
The giant cockroach closely misses you.
The two-headed ogre hits you with a giant club!
* * * LOW HITPOINT WARNING * * *
The two-headed ogre hits you with a giant club!
* * * LOW HITPOINT WARNING * * *
The red ugly thing tentacle-slaps you but does no damage.
Conn321's ghost hits you.
* * * LOW HITPOINT WARNING * * *
The centaur shoots an arrow.
The arrow hits you.
* * * LOW HITPOINT WARNING * * *
The giant cockroach bites you but does no damage.
You climb upwards.
There is a stone staircase leading down here.
Unknown command.
You take 26 damage, and have 5/62 hp.
MASSIVE DAMAGE!!
Unknown command.
Okay, then.
You feel much better. The red ugly thing tentacle-slaps you.
You are engulfed in flames!!
You die...

#...................##.#
#...#...รท.....#####.##.##
#######
.......................)###....).
##...####.....#####.##..##..>####
#...# ####### #......)...# #...#
##8###8### ####.<##...#
#...##8...8...8### #..######
#...##.......os#### ##.#
###.#_..(.....u@#.# #.#
#.##........O##.# #.# #
#.##8...8...8##.# #.# ####.#
##8###8####.# #.# #....###### ##
#.# #.# #.##.#(.# #.# ##.#
#.##.#..# #.# #..# ........# #.#
#..# #.##.##.# #.# #..#


You could see a red ugly thing, a two-headed ogre, an orc and a giant cockroach.

Vanquished Creatures
  Grinder (D:5)
  A hippogriff (D:8)
  Menkaure (D:5)
  A water moccasin (D:7)
  An orc warrior (D:5)
  A sky beast (D:6)
  An ice beast (D:6)
  A black bear (D:7)
  A necrophage (D:6)
  An ogre (D:6)
  A centaur (D:6)
  2 big kobolds
  4 bullfrogs
  A scorpion (D:6)
  5 wights
  A crimson imp (D:7)
  A bullfrog zombie (D:7)
  A hound (D:7)
  2 centaur skeletons
  An orc priest (D:6)
  4 jellies
  6 orc wizards
  A bullfrog skeleton (D:7)
  5 iguanas
  6 worker ants
  4 adders
  2 shadow imps
  An ooze (D:1)
  3 worms
  3 dart slugs
  7 leopard geckos
  14 orcs
  5 bats
  7 giant cockroaches
  8 goblins
  6 hobgoblins
  9 jackals
  3 quokkas
  2 ball pythons
  2 frilled lizards
  A jackal skeleton (D:6)
  34 kobolds
  A quokka zombie (D:5)
  5 rats
168 creatures vanquished.

Vanquished Creatures (others)
  A kobold (D:8)
  6 fungi (D:3)
  4 toadstools (D:3)
11 creatures vanquished.

Grand Total: 179 creatures vanquished

Notes
Turn   | Place    | Note
-------+----------+-------------------------------------------
     0 | D:1      | MackTheKnife the Demigod Fire Elementalist began the quest for the Orb.
     0 | D:1      | Reached XP level 1. HP: 14/14 MP: 5/5
    54 | D:1      | Reached skill level 1 in Conjurations
    75 | D:1      | Reached skill level 2 in Spellcasting
   101 | D:1      | Reached XP level 2. HP: 20/20 MP: 2/7
   180 | D:1      | Reached skill level 3 in Fire Magic
   241 | D:1      | Learned a level 2 spell: Throw Flame
   566 | D:1      | Reached XP level 3. HP: 20/26 MP: 0/9
  1328 | D:2      | Learned a level 3 spell: Conjure Flame
  1361 | D:2      | Found a white marble altar of Elyvilon.
  2230 | D:3      | Reached skill level 2 in Conjurations
  2349 | D:3      | Reached XP level 4. HP: 30/33 MP: 3/10
  2474 | D:3      | You fall through a shaft for 3 floors!
  2478 | D:6      | Noticed an ice beast
  2564 | D:6      | Reached skill level 3 in Spellcasting
  2644 | D:6      | Killed an ice beast
  2644 | D:6      | Reached skill level 3 in Conjurations
  2644 | D:6      | Reached skill level 4 in Fire Magic
  2644 | D:6      | Reached XP level 5. HP: 14/38 MP: 2/12
  2852 | D:6      | Noticed a necrophage
  2860 | D:6      | Killed a necrophage
  2860 | D:6      | Reached XP level 6. HP: 37/45 MP: 1/14
  3156 | D:6      | Reached skill level 4 in Spellcasting
  3364 | D:5      | Entered Level 5 of the Dungeon
  3389 | D:5      | Noticed Menkaure
  3392 | D:5      | Killed Menkaure
  3392 | D:5      | Reached skill level 4 in Conjurations
  3392 | D:5      | Reached skill level 5 in Fire Magic
  3392 | D:5      | Reached XP level 7. HP: 27/50 MP: 9/16
  3535 | D:5      | Found an iron altar of Okawaru.
  3560 | D:5      | Learned a level 5 spell: Fireball
  3588 | D:5      | Noticed Grinder
  3604 | D:5      | Paralysed by Grinder for 4 turns
  3614 | D:5      | Gained mutation: You are partially covered in thin metallic scales. (AC +2) [potion of mutation]
  3614 | D:5      | Gained mutation: You possess an exceptional clarity of mind. [potion of mutation]
  3614 | D:5      | Gained mutation: You are resistant to hostile enchantments. (MR+) [potion of mutation]
  3614 | D:5      | Gained mutation: Your flesh is cold resistant. (rC+) [potion of mutation]
  3616 | D:5      | Paralysed by Grinder for 2 turns
  3624 | D:5      | Killed Grinder
  3914 | D:5      | Found a staircase to the Ecumenical Temple.
  4080 | D:5      | Reached skill level 5 in Conjurations
  4234 | D:5      | Reached skill level 5 in Spellcasting
  4239 | D:5      | Reached XP level 8. HP: 57/57 MP: 11/19
  4372 | D:5      | Found Ates Vih's Weapon Shop.
  4456 | D:5      | Found Dotuseme's Antique Armour Boutique.
  4457 | D:5      | Found Eti Ysae's Jewellery Shoppe.
  4469 | D:5      | Bought a +3 ring of protection for 231 gold pieces
  4492 | D:5      | Found a burning altar of Makhleb.
  4492 | D:5      | Found a stormy altar of Qazlal.
  4492 | D:5      | Found an ornate altar of the Wu Jian Council.
  4856 | D:6      | Reached skill level 6 in Fire Magic
  5630 | D:6      | Reached skill level 6 in Conjurations
  5911 | D:6      | Reached skill level 6 in Spellcasting
  6223 | D:7      | Reached skill level 7 in Fire Magic
  6363 | D:7      | Reached XP level 9. HP: 47/62 MP: 18/22
  6432 | D:7      | Found a sparkling altar of Nemelex Xobeh.
  6829 | D:7      | Learned a level 4 spell: Sticky Flame
  6896 | D:8      | Noticed a red ugly thing
  7079 | D:8      | Reached skill level 7 in Conjurations
  7239 | D:8      | Noticed Conn321's ghost (novice DEFE)
  7244 | D:8      | Noticed a two-headed ogre
  7486 | D:8      | HP: 7/62 [two-headed ogre/giant club (9)]
  7488 | D:7      | Slain by a red ugly thing

Vault maps used:
D:1:      sevenhm_arrival_forest_fort_large_2, minmay_misc_feat_x,
          serial_bayou_lagoon_b
D:2:      lemuel_crystal_altar, first_bread
D:3:      cheibrodos_fertilizer
D:5:      kennysheep_kobold_camp, lemuel_doored_altar,
          gammafunk_temple_overflow_forgotten, minmay_temple_entry_crystal_x,
          serial_shops, shop, nicolae_shop_stone, shop, kennysheep_nondescript,
          uniq_grinder, uniq_menkaure
D:6:      gup_sewer_entry_spiral
D:7:      nicolae_overflow_hidden_temple
D:8:      nicolae_overflow_crystal_walls, eat_drink_and_be_merry_uskayaw,
          lemuel_blue_sif_altar, uniq_prince_ribbit1, uniq_gastronok

Skill      XL: |  1  2  3  4  5  6  7  8  9 |
---------------+----------------------------+-----
Conjurations   | 1 2 3 4 5 6 7 |  7.0
Spellcasting   | 2 3 4 5 6 |  6.8
Fire Magic     | 3 4 5 7 |  7.6
Dodging        | |  1.7
Stealth        | |  1.7

Action                   |  1- 3 |  4- 6 |  7- 9 || total
-------------------------+-------+-------+-------++-------
Melee: Whip              |    58 |    13 |       ||    71
       Trident           |       |     8 |    72 ||    80
       Falchion          |       |       |    59 ||    59
 Cast: Flame Tongue      |    66 |    58 |   182 ||   306
       Throw Flame       |     2 |     5 |    27 ||    34
       Conjure Flame     |     2 |     2 |     8 ||    12
       Fireball          |       |       |     1 ||     1
Evoke: Wand              |       |       |     3 ||     3
  Use: Scroll            |       |     2 |     1 ||     3
       Potion            |       |       |     4 ||     4
 Stab: Sleeping          |     1 |       |     1 ||     2
       Distracted        |     1 |       |       ||     1
  Eat: Chunk             |     5 |     4 |     8 ||    17
       Bread ration      |       |       |     1 ||     1
       Fruit             |       |       |     1 ||     1
Armor: Robe              |     8 |       |       ||     8
       Leather armour    |     7 |     6 |    81 ||    94
Dodge: Dodged            |    53 |    31 |   147 ||   231
       Rpst.: Falchion   |       |       |    19 ||    19

Vault maps used:
D:1:      sevenhm_arrival_forest_fort_large_2, minmay_misc_feat_x,
          serial_bayou_lagoon_b
D:2:      lemuel_crystal_altar, first_bread
D:3:      cheibrodos_fertilizer
D:5:      kennysheep_kobold_camp, lemuel_doored_altar,
          gammafunk_temple_overflow_forgotten, minmay_temple_entry_crystal_x,
          serial_shops, shop, nicolae_shop_stone, shop, kennysheep_nondescript,
          uniq_grinder, uniq_menkaure
D:6:      gup_sewer_entry_spiral
D:7:      nicolae_overflow_hidden_temple
D:8:      nicolae_overflow_crystal_walls, eat_drink_and_be_merry_uskayaw,
          lemuel_blue_sif_altar, uniq_prince_ribbit1, uniq_gastronok

Table legend:
 A = Turns spent in this place as a percentage of turns spent in the entire game.
 B = Non-inter-level travel turns spent in this place as a percentage of non-inter-level travel turns spent in the entire game.
 C = Inter-level travel turns spent in this place as a percentage of turns spent in this place.
 D = Turns resting spent in this place as a percentage of non-inter-level travel turns spent in this place.
 E = Turns spent auto-exploring this place as a percentage of non-inter-level travel turns spent in this place.
 F = Non-inter-level travel turns spent in this place divided by the number of levels of this place that you've seen.
                   A       B       C       D       E      F
               +-------+-------+-------+-------+-------+----------------------
         Total | 100.0 | 100.0 |   0.8 |   5.6 |  10.9 | 263.0
       Dungeon | 100.0 | 100.0 |   0.8 |   5.6 |  10.9 | 263.0
               +-------+-------+-------+-------+-------+----------------------

Table legend:
 A = Kills in this place as a percentage of kills in entire the game.
 B = Kills by you in this place as a percentage of kills by you in the entire game.
 C = Kills by friends in this place as a percentage of kills by friends in the entire game.
 D = Other kills in this place as a percentage of other kills in the entire game.
 E = Experience gained in this place as a percentage of experience gained in the entire game.
 F = Experience gained in this place divided by the number of levels of this place that you have seen.
                   A       B       C       D       E      F
               +-------+-------+-------+-------+-------+----------------------
         Total | 100.0 | 100.0 |  -nan |  -nan | 100.0 | 626.9
       Dungeon | 100.0 | 100.0 |  -nan |  -nan | 100.0 | 626.9
               +-------+-------+-------+-------+-------+----------------------
